Map: Буревестник РВ

Players

Murena

  • Race: Terran Terran
  • Spawn Location: 11:00

ИИ 1 (эксперт) - Winner!

  • Race: Zerg Zerg
  • Spawn Location: 5:00

VOD

Have the link to the VOD?

Description

Time

  • Played on: Aug. 5, 2019, 1:35 p.m.
  • Length: 9:25
Show
View Real Time Build Order
Export as new Build Order

Murena Terran 

Build Orders: 2 Factory, Mech 

Get SALT Encoding   

  12  0:01  SCV  
  13  0:13  SCV  
  14  0:18  Refinery  
  14  0:27  Supply Depot  
  14  0:29  SCV  
  15  0:48  SCV  
  15  0:49  Barracks  
  16  1:00  SCV  
  17  1:05  Supply Depot  
  17  1:13  SCV  
  18  1:19  Refinery  
  18  1:25  SCV  
  19  1:37  Factory  
  19  1:38  Marine  
  19  1:39  SCV  
  21  1:52  Orbital Command  
  21  1:56  Marine  
  22  2:15  Marine  
  23  2:19  SCV  
  23  2:21  Hellion  
  26  2:31  SCV  
  26  2:35  Barracks Tech Lab  
  28  2:44  SCV  
  28  2:49  Command Center  
  28  2:55  Hellion  
  28  2:57  Marine  
  31  3:06  Supply Depot  
  31  3:17  Factory Tech Lab  
  31  3:18  Factory  
  31  3:27  Starport  
  31  3:32  Marauder  
  31  3:33  SCV  
  34  3:40  Siege Tank  
  37  3:45  SCV  
  38  3:50  Supply Depot  
  38  3:58  SCV  
  38  4:02  Factory Tech Lab  
  39  4:04  Starport Reactor  
  39  4:09  Barracks  
  39  4:19  SCV, Siege Tank  
  43  4:27  Siege Tank  
  43  4:31  Orbital Command  
  46  4:34  SCV  
  47  4:41  Viking  
  49  4:58  Cyclone  
  52  5:02  Cyclone  
  52  5:05  SCV x2  
  57  5:07  Barracks Tech Lab  
  57  5:12  Medivac  
  59  5:17  SCV  
  59  5:18  Supply Depot  
  60  5:21  SCV  
  60  5:27  Combat Shield  
  61  5:28  Bunker  
  61  5:31  SCV  
  62  5:38  Supply Depot  
  62  5:40  Cyclone  
  62  5:41  Hellion  
  67  5:45  SCV x2  
  69  5:55  Marine  
  70  6:01  Supply Depot  
  70  6:04  Command Center  
  70  6:07  Siege Tank  
  70  6:08  SCV x2  
  75  6:13  Hellion  
  77  6:21  SCV  
  77  6:22  SCV  
  79  6:27  Barracks  
  79  6:28  Factory  
  79  6:31  Engineering Bay  
  79  6:34  SCV  
  79  6:35  SCV  
  79  6:38  Cyclone  
  84  6:46  Refinery  
  84  6:47  SCV  
  85  6:48  SCV, Refinery  
  86  6:55  Supply Depot  
  86  6:59  Supply Depot  
  86  7:01  Missile Turret x2  
  86  7:17  Terran Infantry Weapons Level 1  
  86  7:21  Orbital Command  
  86  7:22  Barracks  
  86  7:26  Missile Turret, Factory Tech Lab  
  86  7:28  Barracks Tech Lab  
  86  7:29  SCV  
  88  7:30  SCV  
Show
View Real Time Build Order
Export as new Build Order

ИИ 1 (эксперт) Zerg - Winner!

Build Orders: Hatch First 

Get SALT Encoding   

  12  0:00  Drone  
  13  0:12  Overlord  
  13  0:16  Drone  
  14  0:30  Drone x2  
  14  0:34  Drone  
  17  0:54  Hatchery  
  17  0:55  Drone  
  17  1:11  Spawning Pool  
  17  1:13  Extractor, Drone  
  17  1:17  Drone  
  17  1:20  Drone  
  18  1:28  Drone  
  19  1:38  Overlord  
  19  1:49  Drone  
  20  1:58  Queen  
  20  2:00  Zergling x2  
  23  2:05  Drone  
  23  2:07  Queen  
  26  2:13  Drone  
  27  2:27  Roach Warren  
  27  2:28  Extractor  
  25  2:30  Drone  
  25  2:34  Drone  
  27  2:40  Overlord  
  28  2:44  Drone  
  28  2:46  Drone  
  28  2:50  Drone  
  30  2:52  Drone  
  30  2:56  Drone  
  32  3:02  Zergling x2  
  32  3:04  Zergling x2  
  34  3:10  Roach x2  
  38  3:15  Roach  
  38  3:19  Roach  
  42  3:21  Drone  
  42  3:24  Drone  
  44  3:29  Overlord  
  44  3:36  Lair  
  44  3:40  Metabolic Boost  
  44  3:45  Overlord  
  44  3:48  Drone  
  45  3:49  Drone  
  45  3:52  Drone  
  45  3:54  Zergling x2  
  48  3:57  Zergling x2  
  48  3:59  Zergling x2  
  50  4:06  Drone, Evolution Chamber  
  50  4:10  Evolution Chamber  
  50  4:11  Drone  
  50  4:13  Drone  
  50  4:16  Drone  
  52  4:18  Drone  
  52  4:20  Drone  
  54  4:32  Zerg Missile Weapons Level 1  
  54  4:36  Zerg Ground Armor Level 1  
  54  4:38  Drone, Hydralisk Den  
  54  4:39  Overlord  
  54  4:43  Roach  
  54  4:45  Roach  
  58  5:02  Drone, Overlord  
  58  5:04  Extractor, Drone  
  58  5:06  Drone, Hydralisk x2  
  60  5:08  Drone, Hydralisk  
  60  5:09  Drone  
  68  5:20  Drone x2, Overlord  
  68  5:21  Drone x2  
  72  5:22  Drone  
  72  5:24  Drone  
  72  5:26  Drone  
  72  5:28  Drone  
  76  5:38  Drone x2, Overlord  
  78  5:44  Infestation Pit, Roach  
  78  5:45  Drone  
  78  5:48  Roach  
  82  5:56  Roach, Overlord  
  86  5:57  Roach  
  86  6:07  Evolution Chamber  
  86  6:08  Extractor  
  86  6:09  Drone  
  85  6:14  Hatchery  
  85  6:15  Ravager  
  85  6:18  Roach, Overlord  
  87  6:21  Infestor  
  89  6:26  Zerg Melee Weapons Level 1  
  89  6:30  Drone x2  
  89  6:31  Drone  
  92  6:35  Infestor  
  94  6:43  Ravager  
  94  6:46  Roach, Overlord  
  97  6:50  Hydralisk  
  99  7:03  Infestor  
  99  7:04  Spine Crawler  
  99  7:05  Drone  
  101  7:16  Overseer  
  101  7:20  Spine Crawler  
  101  7:21  Drone  
  101  7:22  Infestor  
  101  7:23  Overlord  
  101  7:25  Roach  
  101  7:26  Drone  
  101  7:27  Drone x4  
  101  7:28  Roach, Drone x4  
  116  7:32  Drone  
  116  7:34  Extractor  
  116  7:36  Drone  
  117  7:38  Drone  
  117  7:42  Extractor  
  117  7:43  Overlord  
  117  7:47  Drone  
  117  7:49  Drone  
  117  7:50  Roach, Zergling x2, Drone  
  122  7:54  Zergling x2  
  122  7:58  Drone  
  124  8:00  Drone x3, Zergling x2  
  128  8:05  Overlord  
  128  8:08  Drone  
  128  8:11  Drone, Spore Crawler  
  129  8:16  Drone, Spore Crawler  
  129  8:19  Drone, Pathogen Glands  
  128  8:21  Baneling Nest  
  128  8:22  Drone, Zergling x4  
  128  8:23  Drone  
  123  8:27  Drone  
  123  8:30  Zergling x2  
  123  8:31  Drone, Zergling x4  
  123  8:33  Drone  
  121  8:35  Queen  
  121  8:39  Roach  
  121  8:41  Roach  
  127  8:44  Roach  
  129  8:49  Overlord  
  129  8:51  Roach  
  129  8:54  Roach x2  
  135  9:01  Spine Crawler  
  134  9:06  Baneling x3  
  138  9:17  Hatchery  
Tags
 
Add a new tag
Caveats
  • Supply blocks, unpowered buildings, or Contaminate may cause inaccurate times.
  • Supply counts are checked every 10 seconds.